TOP OF THE 1ST |
Atlantic City Sonics batting - Pitching for Glendale Herons : RHP José Guillén
|
Pitching: RHP José Guillén
|
|
Batting: RHB José López
|
0-0: Reached on error, E6 (Groundball, 6)
|
Batting: LHB Russ Hanneman
|
0-0: Ball 1-0: SINGLE (Groundball, 4MD) José López to second
|
Batting: RHB Brady Bess
|
0-0: Ball 1-0: Ball 2-0: Called Strike 2-1: Called Strike 2-2: Fly out, F3 (Popup, 3S)
|
Batting: RHB Thurman Blumer
|
0-0: Foul Ball, location: 2F 0-1: Foul Ball, location: 2F 0-2: Fielders Choice at 2nd, 1-6 (Groundball, P) José López to third
|
Batting: RHB Kevin Malone
|
0-0: Ball 1-0: Ball Wild Pitch! José López scores Thurman Blumer to second 2-0: Ball 3-0: Base on Balls
|
Batting: RHB Senior Pond
|
0-0: Called Strike 0-1: Ball 1-1: Foul Ball, location: 2F 1-2: Ball 2-2: Fielders Choice at 2nd, 6-4 (Groundball, 6)
|
Top of the 1st over - 1 run(s), 1 hit(s), 1 error(s), 1 left on base; Atlantic City 1 - Glendale 0 |
BOTTOM OF THE 1ST |
Glendale Herons batting - Pitching for Atlantic City Sonics : RHP José Cabrera
|
Pitching: RHP José Cabrera
|
|
Batting: RHB Daniel Maldonado
|
0-0: Foul Ball, location: 2F 0-1: Swinging Strike 0-2: Strikes out swinging
|
Batting: SHB Raúl Duarte
|
0-0: Foul Ball, location: 2F 0-1: Called Strike 0-2: Reached on error, E7 (Flyball, 7S)
|
Batting: RHB Ed St. James
|
0-0: Called Strike 0-1: Fly out, F7 (Flyball, 7)
|
Batting: SHB Jesús Herrera
|
0-0: Fly out, F4 (Line Drive, 4M)
|
Bottom of the 1st over - 0 run(s), 0 hit(s), 1 error(s), 1 left on base; Atlantic City 1 - Glendale 0 |
TOP OF THE 2ND |
Atlantic City Sonics batting - Pitching for Glendale Herons : RHP José Guillén
|
Batting: RHB Cristián Alfonso
|
0-0: Called Strike 0-1: Called Strike 0-2: Strikes out looking
|
Batting: RHB Damon Grinter
|
0-0: Fly out, F4 (Popup, 4)
|
Batting: SHB Luchino Salimbeni
|
0-0: Ball 1-0: Called Strike 1-1: Foul Ball, location: 2F 1-2: Ball 2-2: Ball 3-2: Strikes out swinging
|
Top of the 2nd over - 0 run(s), 0 hit(s), 0 error(s), 0 left on base; Atlantic City 1 - Glendale 0 |
BOTTOM OF THE 2ND |
Glendale Herons batting - Pitching for Atlantic City Sonics : RHP José Cabrera
|
Batting: RHB Ramón Hernández
|
0-0: Ball 1-0: Ball 2-0: Ball 3-0: Called Strike 3-1: Foul Ball, location: 2F 3-2: Fly out, F8 (Flyball, 8LM)
|
Batting: RHB Christian Turner
|
0-0: Foul Ball, location: 2F 0-1: Called Strike 0-2: Strikes out looking
|
Batting: RHB James Pike
|
0-0: Fly out, F8 (Flyball, 8RD)
|
Bottom of the 2nd over - 0 run(s), 0 hit(s), 0 error(s), 0 left on base; Atlantic City 1 - Glendale 0 |
TOP OF THE 3RD |
Atlantic City Sonics batting - Pitching for Glendale Herons : RHP José Guillén
|
Batting: RHB José López
|
0-0: Ball 1-0: Foul Ball, location: 2F 1-1: Ball 2-1: Ball 3-1: Fly out, F4 (Popup, 4S)
|
Batting: LHB Russ Hanneman
|
0-0: Ground out 4-3 (Groundball, 4)
|
Batting: RHB Brady Bess
|
0-0: Called Strike 0-1: Ball 1-1: Swinging Strike 1-2: SOLO HOME RUN (Flyball, 7D), Distance : 369 ft
|
Batting: RHB Thurman Blumer
|
0-0: Called Strike 0-1: Ball 1-1: Ball 2-1: Foul Ball, location: 2F 2-2: Ball 3-2: Strikes out swinging
|
Top of the 3rd over - 1 run(s), 1 hit(s), 0 error(s), 0 left on base; Atlantic City 2 - Glendale 0 |
BOTTOM OF THE 3RD |
Glendale Herons batting - Pitching for Atlantic City Sonics : RHP José Cabrera
|
Batting: RHB Santiago Ramos
|
0-0: SINGLE (Line Drive, 56D)
|
Batting: SHB Glyn Bolasky
|
0-0: Called Strike 0-1: Called Strike 0-2: Ball 1-2: Ball 2-2: Ball 3-2: Foul Ball, location: 2F 3-2: Strikes out swinging
|
Batting: RHB Daniel Maldonado
|
0-0: Ball 1-0: Called Strike 1-1: SINGLE (Groundball, 6MD) Santiago Ramos to second Runner from 2nd tries for 3rd, SAFE, throw made to third
|
Batting: SHB Raúl Duarte
|
0-0: Ball 1-0: Foul Ball, location: 2F 1-1: Fly out, F7 (Flyball, 78S) Runner from 3rd tags up, SCORES, no throw
|
Batting: RHB Ed St. James
|
0-0: Called Strike 0-1: Ball 1-1: Ball 2-1: Foul Ball, location: 2F 2-2: Foul Ball, location: 2F 2-2: SINGLE (Line Drive, 34) Daniel Maldonado to second Runner from 2nd tries for 3rd, SAFE, no throw
|
Batting: SHB Jesús Herrera
|
0-0: Called Strike 0-1: Ground out 1-3 (Groundball, 15S)
|
Bottom of the 3rd over - 1 run(s), 3 hit(s), 0 error(s), 2 left on base; Atlantic City 2 - Glendale 1 |
TOP OF THE 4TH |
Atlantic City Sonics batting - Pitching for Glendale Herons : RHP José Guillén
|
Batting: RHB Kevin Malone
|
0-0: Ball 1-0: Called Strike 1-1: Foul Ball, location: 2F 1-2: Foul Ball, location: 2F 1-2: Foul Ball, location: 2F 1-2: Ball 2-2: SINGLE (Line Drive, 89S)
|
Batting: RHB Senior Pond
|
0-0: Ball 1-0: Ball 2-0: Ball Wild Pitch! Kevin Malone to second 3-0: Base on Balls
|
Batting: RHB Cristián Alfonso
|
0-0: Ball 1-0: Called Strike 1-1: Swinging Strike 1-2: Ball 2-2: Foul Ball, location: 2F 2-2: Ball 3-2: Reached on error, E6 (Groundball, 6S) Kevin Malone to third Senior Pond to second
|
Batting: RHB Damon Grinter
|
0-0: Foul Ball, location: 2F 0-1: Fielders Choice at 2nd, 6-4 (Groundball, 6) Kevin Malone scores Senior Pond to third
|
Batting: SHB Luchino Salimbeni
|
0-0: Ball 1-0: Ball 2-0: Called Strike 2-1: SINGLE (Groundball, 34D) Senior Pond scores Damon Grinter to second Runner from 2nd tries for 3rd, SAFE, no throw
|
Batting: RHB José López
|
0-0: Ball 1-0: Foul Ball, location: 2F 1-1: SINGLE (Groundball, 6MD) Damon Grinter scores Luchino Salimbeni to second Runner from 2nd tries for 3rd, OUT! José López to second
|
Pitching: RHP David Davis
|
|
Batting: LHB Russ Hanneman
|
0-0: Ball 1-0: Called Strike 1-1: Ball 2-1: Ball 3-1: Called Strike 3-2: Base on Balls
|
Batting: RHB Brady Bess
|
0-0: Ball 1-0: Called Strike José López is caught stealing 3rd base
|
Top of the 4th over - 3 run(s), 3 hit(s), 1 error(s), 0 left on base; Atlantic City 5 - Glendale 1 |
BOTTOM OF THE 4TH |
Glendale Herons batting - Pitching for Atlantic City Sonics : RHP José Cabrera
|
Batting: RHB Ramón Hernández
|
0-0: Called Strike 0-1: Ball 1-1: Foul Ball, location: 2F 1-2: Fly out, F8 (Flyball, 8LD)
|
Batting: RHB Christian Turner
|
0-0: Called Strike 0-1: Fly out, F9 (Flyball, 9LS)
|
Batting: RHB James Pike
|
0-0: Called Strike 0-1: Ball 1-1: Swinging Strike 1-2: Foul Ball, location: 2F 1-2: Ground out 5-3 (Groundball, 56)
|
Bottom of the 4th over - 0 run(s), 0 hit(s), 0 error(s), 0 left on base; Atlantic City 5 - Glendale 1 |
TOP OF THE 5TH |
Atlantic City Sonics batting - Pitching for Glendale Herons : RHP David Davis
|
Batting: RHB Brady Bess
|
0-0: Ball 1-0: Ball 2-0: Ball 3-0: Called Strike 3-1: Base on Balls
|
Batting: RHB Thurman Blumer
|
0-0: Ball 1-0: Ball 2-0: Ball 3-0: Called Strike 3-1: Called Strike 3-2: SINGLE (Groundball, 5D) Brady Bess to second
|
Batting: RHB Kevin Malone
|
0-0: Called Strike 0-1: Ball 1-1: Grounds into double play, 5-4-3 (Groundball, 5) Brady Bess to third
|
Batting: RHB Senior Pond
|
0-0: Intentional Walk
|
Batting: RHB Cristián Alfonso
|
0-0: Foul Ball, location: 2F 0-1: Ball 1-1: Ball 2-1: Foul Ball, location: 2F 2-2: Ball 3-2: Foul Ball, location: 2F 3-2: Ground out 4-3 (Groundball, 4)
|
Top of the 5th over - 0 run(s), 1 hit(s), 0 error(s), 2 left on base; Atlantic City 5 - Glendale 1 |
BOTTOM OF THE 5TH |
Glendale Herons batting - Pitching for Atlantic City Sonics : RHP José Cabrera
|
Batting: RHB Santiago Ramos
|
0-0: Fly out, F8 (Flyball, 8LM)
|
Batting: SHB Glyn Bolasky
|
0-0: SINGLE (Flyball, 8LS)
|
Batting: RHB Daniel Maldonado
|
0-0: Ball 1-0: Called Strike 1-1: Called Strike 1-2: Fly out, F9 (Flyball, 9S)
|
Batting: SHB Raúl Duarte
|
0-0: Ball 1-0: SINGLE (Groundball, 34D) Glyn Bolasky to second Runner from 2nd tries for 3rd, SAFE, no throw
|
Batting: RHB Ed St. James
|
0-0: Ball 1-0: Ball 2-0: Fly out, F7 (Flyball, 7D)
|
Bottom of the 5th over - 0 run(s), 2 hit(s), 0 error(s), 2 left on base; Atlantic City 5 - Glendale 1 |
TOP OF THE 6TH |
Atlantic City Sonics batting - Pitching for Glendale Herons : RHP David Davis
|
Batting: RHB Damon Grinter
|
0-0: Ball 1-0: Swinging Strike 1-1: Swinging Strike 1-2: Foul Ball, location: 2F 1-2: Ball 2-2: Strikes out swinging, 2-3 out at first.
|
Batting: SHB Luchino Salimbeni
|
0-0: Ball 1-0: Fly out, F9 (Line Drive, 9LS)
|
Batting: RHB José López
|
0-0: Called Strike 0-1: Ball 1-1: Foul Ball, location: 2F 1-2: Strikes out swinging
|
Top of the 6th over - 0 run(s), 0 hit(s), 0 error(s), 0 left on base; Atlantic City 5 - Glendale 1 |
BOTTOM OF THE 6TH |
Glendale Herons batting - Pitching for Atlantic City Sonics : RHP José Cabrera
|
Batting: SHB Jesús Herrera
|
0-0: Ball 1-0: Called Strike 1-1: Called Strike 1-2: Fly out, F6 (Popup, 6M)
|
Batting: RHB Ramón Hernández
|
0-0: Ball 1-0: Foul Ball, location: 2F 1-1: SINGLE (Groundball, 4D)
|
Batting: RHB Christian Turner
|
0-0: Called Strike 0-1: Ball 1-1: Called Strike 1-2: SINGLE (Line Drive, 56D) Ramón Hernández to second
|
Batting: RHB James Pike
|
0-0: Called Strike 0-1: Ball 1-1: 3-RUN HOME RUN (Flyball, 7D), Distance : 372 ft
|
Batting: RHB Santiago Ramos
|
0-0: Foul Ball, location: 2F 0-1: Ball 1-1: Swinging Strike 1-2: Ball 2-2: Strikes out swinging
|
Batting: SHB Glyn Bolasky
|
0-0: Swinging Strike 0-1: SINGLE (Flyball, 78S)
|
Batting: RHB Daniel Maldonado
|
0-0: Ball 1-0: Ball 2-0: Fielders Choice at 2nd, 6-4 (Groundball, 6)
|
Bottom of the 6th over - 3 run(s), 4 hit(s), 0 error(s), 0 left on base; Atlantic City 5 - Glendale 4 |
TOP OF THE 7TH |
Atlantic City Sonics batting - Pitching for Glendale Herons : RHP David Davis
|
Batting: LHB Russ Hanneman
|
0-0: Called Strike 0-1: Ball 1-1: Swinging Strike 1-2: Strikes out swinging
|
Batting: RHB Brady Bess
|
0-0: Ball 1-0: Ball 2-0: Foul Ball, location: 2F 2-1: SINGLE (Groundball, 4MD)
|
Pinch Hitting: SHB Phil Moore
|
0-0: Ball 1-0: Ball 2-0: Called Strike 2-1: Foul Ball, location: 2F 2-2: Foul Ball, location: 2F 2-2: Foul Ball, location: 2F 2-2: Strikes out swinging
|
Batting: RHB Kevin Malone
|
0-0: Called Strike 0-1: Ball 1-1: Foul Ball, location: 2F 1-2: Fielders Choice at 2nd, 6-4 (Groundball, 6)
|
Top of the 7th over - 0 run(s), 1 hit(s), 0 error(s), 0 left on base; Atlantic City 5 - Glendale 4 |
BOTTOM OF THE 7TH |
Glendale Herons batting - Pitching for Atlantic City Sonics : RHP José Cabrera
|
Now at 2B: Jorge Figueroa
|
|
Batting: SHB Raúl Duarte
|
0-0: Ball 1-0: Called Strike 1-1: Foul Ball, location: 2F 1-2: Ball 2-2: Foul Ball, location: 2F 2-2: Fly out, F8 (Flyball, 8LD)
|
Batting: RHB Ed St. James
|
0-0: Called Strike 0-1: Called Strike 0-2: Strikes out looking
|
Batting: SHB Jesús Herrera
|
0-0: Swinging Strike 0-1: Ground out 4-3 (Groundball, 4)
|
Bottom of the 7th over - 0 run(s), 0 hit(s), 0 error(s), 0 left on base; Atlantic City 5 - Glendale 4 |
TOP OF THE 8TH |
Atlantic City Sonics batting - Pitching for Glendale Herons : RHP David Davis
|
Batting: RHB Senior Pond
|
0-0: Called Strike 0-1: Ball 1-1: Fly out, F6 (Line Drive, 6)
|
Batting: RHB Cristián Alfonso
|
0-0: Ball 1-0: DOUBLE (Line Drive, 89M)
|
Pinch Hitting: LHB Todd Blankenburg
|
0-0: Intentional Walk
|
Pinch Hitting: RHB Nelson Torez
|
0-0: Ball 1-0: Grounds into double play, 6-4-3 (Groundball, 56)
|
Top of the 8th over - 0 run(s), 1 hit(s), 0 error(s), 1 left on base; Atlantic City 5 - Glendale 4 |
BOTTOM OF THE 8TH |
Glendale Herons batting - Pitching for Atlantic City Sonics : RHP José Cabrera
|
Now at 3B: Jim Unknown
|
|
Now in RF: Todd Blankenburg
|
|
Batting: RHB Ramón Hernández
|
0-0: Ball 1-0: Called Strike 1-1: Called Strike 1-2: Foul Ball, location: 2F 1-2: Ball 2-2: Ground out 5-3 (Groundball, 56S)
|
Pitching: LHP David Sherratt
|
|
Batting: RHB Christian Turner
|
0-0: Fly out, F4 (Popup, 3D)
|
Pitching: RHP William Bonner
|
|
Batting: RHB James Pike
|
0-0: Ball 1-0: SINGLE (Line Drive, 6M)
|
Batting: RHB Santiago Ramos
|
0-0: Ball 1-0: Swinging Strike 1-1: Ball 2-1: Foul Ball, location: 2F 2-2: Ball 3-2: 2-RUN HOME RUN (Flyball, 78XD), Distance : 389 ft
|
Batting: SHB Glyn Bolasky
|
0-0: Ground out 5-3 (Groundball, 56S)
|
Bottom of the 8th over - 2 run(s), 2 hit(s), 0 error(s), 0 left on base; Atlantic City 5 - Glendale 6 |
TOP OF THE 9TH |
Atlantic City Sonics batting - Pitching for Glendale Herons : RHP David Davis
|
Pitching: RHP Víctor Torres
|
|
Batting: RHB José López
|
0-0: Ball 1-0: Called Strike 1-1: Swinging Strike 1-2: SINGLE (Line Drive, 34D)
|
Batting: LHB Russ Hanneman
|
0-0: Ball 1-0: DOUBLE (Groundball, 5L) José López to third
|
Batting: RHB Brady Bess
|
0-0: SINGLE (Line Drive, 9LM) José López scores Russ Hanneman to third Runner from 3rd tries for Home, SAFE, throw made home
|
Pinch Hitting: RHB Julián García
|
0-0: Ball 1-0: Fly out, F9 (Flyball, 9S)
|
Batting: RHB Kevin Malone
|
0-0: Ball 1-0: Foul Ball, location: 2F 1-1: Called Strike 1-2: Grounds into double play, 5-4-3 (Groundball, 56)
|
Top of the 9th over - 2 run(s), 3 hit(s), 0 error(s), 0 left on base; Atlantic City 7 - Glendale 6 |
BOTTOM OF THE 9TH |
Glendale Herons batting - Pitching for Atlantic City Sonics : RHP William Bonner
|
Pitching: RHP Alfredo Muñóz
|
|
Now at 2B: Salvador Avilés
|
|
Pinch Hitting: LHB José Rodríguez
|
0-0: Called Strike 0-1: Ball 1-1: Fly out, F8 (Flyball, 8LXD)
|
Batting: SHB Raúl Duarte
|
0-0: Called Strike 0-1: Fly out, F7 (Flyball, 7)
|
Batting: RHB Ed St. James
|
0-0: Called Strike 0-1: TRIPLE (Line Drive, 9LM)
|
Pinch Hitting: RHB Arsenio Laurel
|
0-0: Fly out, F8 (Flyball, 78M)
|
Bottom of the 9th over - 0 run(s), 1 hit(s), 0 error(s), 1 left on base; Atlantic City 7 - Glendale 6 |
|